 Dungeon Crawl Stone Soup version 0.18.1-8-gdd0e5ea (webtiles) character file.

65 Gargoyl the Skirmisher (level 3, 0/30 HPs)
             Began as a Demonspawn Abyssal Knight on June 10, 2016.
             Was a Believer of Lugonu.
             Slain by a worm (6 damage)
             ... on level 2 of the Dungeon.
             The game lasted 00:03:15 (1969 turns).

Gargoyl the Skirmisher (Demonspawn Abyssal Knight)  Turns: 1969, Time: 00:03:16

Health: 0/30       AC: 13    Str: 13    XL:     3   Next: 92%
Magic:  4/4        EV:  2    Int: 13    God:    Lugonu [**....]
Gold:   81         SH:  3    Dex: 12    Spells: 0 memorised, 2 levels left

rFire  . . .     SeeInvis .     a - +1 hand axe
rCold  . . .     Gourm    .     i - +0 plate armour
rNeg   . . .     Faith    .     g - +0 buckler
rPois  .         Spirit   .     b - +0 helmet
rElec  .         Dismiss  .     (no cloak)
rCorr  .         Reflect  .     (no gloves)
SustAt .         Harm     .     (no boots)
MR     .....                    (no amulet)
Stlth  ..........               (no ring)
                                (no ring)

@: not resistant to hostile enchantments, extremely unstealthy
A: hooves 1, molten scales 1
a: Depart the Abyss, Bend Space, Renounce Religion


You were on level 2 of the Dungeon.
You worshipped Lugonu.
Lugonu was pleased with you.
You were hungry.

You visited 1 branch of the dungeon, and saw 2 of its levels.
You visited the Abyss 1 time.

You collected 81 gold pieces.

Inventory:

Hand Weapons
 a - a +1 hand axe (weapon)
Armour
 b - a +0 helmet (worn)
 g - a +0 buckler (worn)
 i - a +0 plate armour (worn)
Scrolls
 d - 2 scrolls of teleportation {unknown}
 f - 2 scrolls of identify {unknown}
 l - a scroll of noise {unknown}
Potions
 e - a potion of heal wounds {unknown}
 h - 3 potions of curing {unknown}
 j - a potion of magic {unknown}
Comestibles
 c - 2 bread rations
 k - a meat ration


   Skills:
 + Level 3.7 Fighting
 + Level 2.3 Axes
 + Level 2.4 Armour
 + Level 1.2 Dodging
 + Level 0.4 Stealth
 + Level 2.5 Invocations


You had 2 spell levels left.
You didn't know any spells.

Dungeon Overview and Level Annotations

Branches:
Dungeon (2/15)

Altars:
Pakellas
Trog


Innate Abilities, Weirdness & Mutations

You have large cloven feet.
You are partially covered in molten scales (AC +1).


Message History

Lugonu accepts your kill.
The moth of wrath goads the worm on!
The worm goes berserk!
Things that are here:
a rat corpse x2
The worm bites you.
A rat comes into view.
The worm bites you!
Found a rapier and a dagger.
Unknown command.
The worm bites you.
You hit the worm. You kick the worm, but do no damage.
The worm is lightly wounded.
The worm bites you but does no damage.
Your plate armour prevents you from hitting the worm.
The worm is lightly wounded.
The worm bites you but does no damage. The worm bites you.
* * * LOW HITPOINT WARNING * * *
The worm bites you.
You die...

#.##.##)).._....##.# #...
#)...##.........##.# #.##
...####...#....###....#.######...
......'...#...##y##r..#..........
...####...#....###....########..#
##..#.......r...# #.#.
##.##.........# #.#.
##.##....w..## #... ##'####@####
###. #.# #.# ####. ######.####.#
#...รท #............# #.##.
..........#### #.##. #.###.....#
#.##. #.....# #.##. ###.#.. #.###
....## #.#


You could see a moth of wrath, a worm (berserk) and 2 rats.

Vanquished Creatures
  An adder (D:2)
  4 oozes
  A worm (D:1)
  2 giant cockroaches (D:1)
  3 goblins
  2 hobgoblins (D:1)
  4 jackals (D:1)
  2 kobolds
  A ball python (D:1)
  4 bats
  6 giant newts (D:1)
  6 rats
36 creatures vanquished.

Vanquished Creatures (others)
  A tengu reaver (D:2)
  8 starspawn tentacles (Abyss:1)
  31 starspawn tentacle segments (Abyss:1)
40 creatures vanquished.

Grand Total: 76 creatures vanquished

Notes
Turn   | Place    | Note
--------------------------------------------------------------
     0 | Abyss:1  | Gargoyl the Demonspawn Abyssal Knight began the quest for the Orb.
     0 | Abyss:1  | Reached XP level 1. HP: 18/18 MP: 2/2
   120 | Abyss:1  | Noticed a bone dragon
   160 | Abyss:1  | Noticed a tentacled starspawn
   202 | Abyss:1  | Noticed a quasit
   206 | Abyss:1  | Noticed a starcursed mass
   208 | D:1      | Escaped the Abyss
   497 | D:1      | Reached * piety under Lugonu
   500 | D:1      | Gained mutation: You have large cloven feet. [demonic ancestry]
   500 | D:1      | Reached XP level 2. HP: 19/24 MP: 3/3
   626 | D:1      | Reached skill level 1 in Dodging
   851 | D:1      | Gained mutation: You are partially covered in molten scales (AC +1). [demonic ancestry]
   851 | D:1      | Reached XP level 3. HP: 23/29 MP: 4/4
  1556 | D:2      | Reached ** piety under Lugonu
  1904 | D:2      | Found an oddly glowing altar of Pakellas.
  1908 | D:2      | Noticed a tengu reaver
  1909 | D:2      | Killed a tengu reaver
  1948 | D:2      | Noticed a moth of wrath
  1951 | D:2      | Found a bloodstained altar of Trog.
  1969 | D:2      | Slain by a worm

Skill      XL: |  1  2 |
---------------+-------+-----
Armour         | 2 |  2.4
Axes           | 2 |  2.3
Dodging        | 1 |  1.2
Fighting       | |  3.7
Stealth        | |  0.4
Invocations    | |  2.5

Action                   || total
-------------------------++-------
Melee: Hand axe          ||   127
       Kick              ||    21
Invok: Depart the Abyss  ||     1
  Use: Scroll            ||     2
  Eat: Chunk             ||     3
Armor: Ring mail         ||    23
       Plate armour      ||    48
Dodge: Dodged            ||    40
